[ AOE2 MATCH · #507397679 ]
UnrankedArmenians vs Mongols
Player's team · WIN
Rival team · LOSS
[ REPLAY ANALYSIS · EXTRACTED FROM THE RECORDED GAME ]
Feudal
10:45
Castle
26:30
Imperial
—
| APM avg | 45.7 |
| APM peak | 83 |
| eAPM avg | 21.9 |
| Villagers / military | 119 / 83 |
Focus
⚔️ 47.3% · 🌾 52.7%
Archer ×52 · Skirmisher ×22 · Spearman ×3 · Battering Ram ×3 · Monk ×2 · Militia ×1
Feudal
8:35
Castle
24:54
Imperial
—
| APM avg | 54.5 |
| APM peak | 88 |
| eAPM avg | 22.2 |
| Villagers / military | 123 / 112 |
Focus
⚔️ 36.7% · 🌾 63.3%
Skirmisher ×53 · Archer ×21 · Mangonel ×13 · Knight ×8 · Militia ×5 · Scout Cavalry ×5
Match map
Initial resources + every placement click. Lines = walls · curves = elevation contours. ◆ gold · ⬟ stone · ● berries · ✦ relic · ◌ wall gap
Your base· ✓ Closed at 26:30 · 37t walls · 1 gate(s)
DS_Rene Lavand's base· Open — unwalled flank
Smoothed initial terrain · ◌ = detected wall gap · hover for details
Inputs per minute
— Hana - - DS_Rene Lavand
Build order — Hana
First 150 of 326 actions detected
| 0:00 | Queue | Villager (Male) |
| 0:01 | Queue | Villager (Male) |
| 0:02 | Build | House |
| 0:04 | Build | House |
| 0:05 | Queue | Villager (Male) |
| 0:05 | Queue | Villager (Male) |
| 1:29 | Queue | Villager (Male) |
| 1:29 | Queue | Villager (Male) |
| 2:09 | Queue | Villager (Male) |
| 2:12 | Queue | Villager (Male) |
| 2:13 | Queue | Villager (Male) |
| 2:38 | Queue | Villager (Male) |
| 2:38 | Queue | Villager (Male) |
| 3:02 | Build | Mule Cart |
| 3:17 | Queue | Villager (Male) |
| 3:18 | Queue | Villager (Male) |
| 3:18 | Queue | Villager (Male) |
| 3:32 | Build | House |
| 3:41 | Build | House |
| 3:43 | Build | Palisade Wall |
| 3:54 | Queue | Villager (Male) |
| 3:55 | Queue | Villager (Male) |
| 4:20 | Queue | Villager (Male) |
| 4:20 | Queue | Villager (Male) |
| 4:36 | Build | Mill |
| 4:51 | Build | House |
| 4:59 | Queue | Villager (Male) |
| 4:59 | Queue | Villager (Male) |
| 5:30 | Build | Palisade Wall |
| 5:35 | Queue | Villager (Male) |
| 5:35 | Queue | Villager (Male) |
| 5:54 | Queue | Villager (Male) |
| 6:04 | Build | Farm |
| 6:38 | Queue | Villager (Male) |
| 7:02 | Build | Farm |
| 7:18 | Queue | Villager (Male) |
| 7:28 | Queue | Villager (Male) |
| 7:57 | Build | Palisade Wall |
| 8:10 | Research | Loom |
| 8:17 | Research | Feudal Age |
| 8:38 | Build | Barracks |
| 8:41 | Build | Barracks |
| 9:10 | Build | Palisade Wall |
| 9:16 | Build | Palisade Wall |
| 9:34 | Build | House |
| 9:38 | Build | Palisade Wall |
| 9:47 | Build | Palisade Wall |
| 9:55 | Queue | Spearman |
| 10:06 | Build | Palisade Wall |
| 10:09 | Build | Palisade Wall |
| 10:19 | Build | House |
| 10:21 | Build | House |
| 10:39 | Queue | Spearman |
| 10:45 | Age | Feudal Age |
| 10:57 | Queue | Villager (Male) |
| 11:15 | Queue | Villager (Male) |
| 11:22 | Build | House |
| 11:31 | Queue | Villager (Male) |
| 11:40 | Build | Archery Range |
| 12:01 | Queue | Villager (Male) |
| 12:09 | Queue | Skirmisher |
| 12:15 | Queue | Villager (Male) |
| 12:31 | Build | House |
| 12:36 | Build | Palisade Wall |
| 12:39 | Queue | Skirmisher |
| 12:43 | Queue | Villager (Male) |
| 12:49 | Build | House |
| 12:54 | Queue | Villager (Male) |
| 13:05 | Research | Double-Bit Axe |
| 13:30 | Build | Blacksmith |
| 13:31 | Queue | Villager (Male) |
| 13:32 | Queue | Skirmisher |
| 13:47 | Build | Farm |
| 13:51 | Queue | Villager (Male) |
| 13:52 | Queue | Archer |
| 14:03 | Build | House |
| 14:10 | Queue | Villager (Male) |
| 14:17 | Build | Farm |
| 14:19 | Queue | Skirmisher |
| 14:36 | Research | Fletching |
| 14:55 | Queue | Villager (Male) |
| 14:58 | Build | Farm |
| 14:59 | Build | Farm |
| 15:08 | Build | Farm |
| 15:09 | Build | Farm |
| 15:10 | Build | Farm |
| 15:16 | Build | Farm |
| 15:18 | Build | Farm |
| 15:22 | Queue | Skirmisher |
| 15:28 | Build | Farm |
| 15:28 | Build | Farm |
| 15:37 | Build | Farm |
| 15:39 | Build | Farm |
| 15:56 | Queue | Villager (Male) |
| 15:56 | Queue | Villager (Male) |
| 16:12 | Build | Mill |
| 16:21 | Research | Town Watch |
| 16:35 | Build | Farm |
| 16:36 | Build | Farm |
| 17:01 | Queue | Skirmisher |
| 17:04 | Research | Padded Archer Armor |
| 17:09 | Queue | Villager (Male) |
| 17:11 | Build | Archery Range |
| 17:19 | Queue | Villager (Male) |
| 17:26 | Queue | Skirmisher |
| 17:32 | Build | Mill |
| 17:33 | Build | Farm |
| 17:33 | Build | Farm |
| 17:34 | Build | Farm |
| 17:34 | Build | Farm |
| 17:34 | Build | Farm |
| 17:34 | Build | Farm |
| 18:13 | Queue | Villager (Male) |
| 18:15 | Queue | Skirmisher |
| 18:16 | Queue | Skirmisher |
| 18:18 | Build | Farm |
| 18:18 | Build | Farm |
| 18:19 | Build | Farm |
| 18:19 | Build | Farm |
| 18:19 | Build | Farm |
| 18:23 | Queue | Villager (Male) |
| 18:31 | Research | Horse Collar |
| 18:32 | Research | Horse Collar |
| 18:43 | Queue | Villager (Male) |
| 18:53 | Queue | Villager (Male) |
| 18:56 | Build | Farm |
| 19:20 | Build | House |
| 19:23 | Build | Palisade Wall |
| 19:30 | Queue | Skirmisher ×4 |
| 19:47 | Queue | Villager (Male) |
| 19:47 | Queue | Villager (Male) |
| 20:02 | Queue | Villager (Male) |
| 20:07 | Queue | Villager (Male) |
| 20:07 | Queue | Villager (Male) |
| 20:19 | Queue | Villager (Male) |
| 20:19 | Queue | Villager (Male) |
| 20:48 | Queue | Villager (Male) |
| 20:52 | Build | Farm |
| 20:52 | Build | Farm |
| 20:53 | Queue | Skirmisher |
| 20:53 | Queue | Skirmisher |
| 21:13 | Build | Palisade Wall |
| 21:13 | Queue | Skirmisher |
| 21:13 | Queue | Skirmisher |
| 21:20 | Queue | Villager (Male) |
| 21:21 | Queue | Villager (Male) |
| 21:26 | Build | Palisade Wall |
| 21:30 | Queue | Skirmisher |
| 21:30 | Queue | Skirmisher |
| 21:33 | Build | Farm |
Build order — DS_Rene Lavand
First 150 of 341 actions detected
| 0:01 | Queue | Villager (Male) |
| 0:01 | Queue | Villager (Male) |
| 0:01 | Queue | Villager (Male) |
| 0:02 | Queue | Villager (Male) |
| 0:02 | Queue | Villager (Male) |
| 0:02 | Queue | Villager (Male) |
| 0:03 | Build | House |
| 0:05 | Build | House |
| 1:35 | Queue | Villager (Male) |
| 1:39 | Build | House |
| 2:07 | Build | Lumber Camp |
| 2:09 | Queue | Villager (Male) |
| 2:10 | Queue | Villager (Male) |
| 2:27 | Queue | Villager (Male) |
| 2:28 | Queue | Villager (Male) |
| 2:28 | Queue | Villager (Male) |
| 2:56 | Queue | Villager (Male) |
| 2:59 | Queue | Villager (Male) |
| 2:59 | Queue | Villager (Male) |
| 3:44 | Build | House |
| 3:48 | Queue | Villager (Male) |
| 3:54 | Queue | Villager (Male) |
| 4:26 | Queue | Villager (Male) |
| 4:26 | Queue | Villager (Male) |
| 4:26 | Queue | Villager (Male) |
| 4:26 | Queue | Villager (Male) |
| 5:22 | Build | Barracks |
| 5:28 | Queue | Villager (Male) |
| 5:28 | Research | Loom |
| 5:48 | Build | House |
| 6:23 | Research | Feudal Age |
| 6:27 | Research | Loom |
| 6:57 | Queue | Militia |
| 7:10 | Queue | Militia |
| 7:11 | Queue | Militia |
| 7:38 | Queue | Militia |
| 7:39 | Queue | Militia |
| 7:42 | Build | Mining Camp |
| 8:35 | Age | Feudal Age |
| 8:39 | Build | Archery Range |
| 8:46 | Research | Man-at-Arms (upgrade) |
| 8:47 | Research | Man-at-Arms (upgrade) |
| 9:12 | Queue | Villager (Male) |
| 9:12 | Queue | Villager (Male) |
| 9:19 | Build | House |
| 9:24 | Build | Palisade Wall |
| 9:41 | Build | Watch Tower |
| 9:47 | Queue | Archer |
| 10:12 | Queue | Villager (Male) |
| 10:12 | Queue | Villager (Male) |
| 10:14 | Build | Mill |
| 10:19 | Build | House |
| 10:22 | Build | Palisade Wall |
| 10:44 | Queue | Archer |
| 10:44 | Queue | Archer |
| 10:45 | Queue | Archer |
| 11:00 | Queue | Villager (Male) |
| 11:00 | Queue | Villager (Male) |
| 11:00 | Queue | Villager (Male) |
| 11:15 | Queue | Archer |
| 11:16 | Queue | Archer |
| 11:20 | Build | Palisade Wall |
| 11:20 | Build | Palisade Wall |
| 11:21 | Build | Palisade Wall |
| 11:23 | Build | Palisade Wall |
| 11:35 | Queue | Archer |
| 11:36 | Queue | Villager (Male) |
| 11:36 | Queue | Villager (Male) |
| 11:39 | Build | Blacksmith |
| 11:53 | Queue | Skirmisher |
| 12:14 | Queue | Villager (Male) |
| 12:14 | Queue | Villager (Male) |
| 12:18 | Build | House |
| 12:29 | Queue | Archer |
| 12:30 | Queue | Archer |
| 12:30 | Queue | Archer |
| 12:48 | Queue | Villager (Male) |
| 12:53 | Build | Mining Camp |
| 13:05 | Build | Farm |
| 13:06 | Build | Farm |
| 13:06 | Build | Farm |
| 13:06 | Build | Farm |
| 13:07 | Build | Farm |
| 13:18 | Queue | Villager (Male) |
| 13:19 | Queue | Villager (Male) |
| 13:19 | Queue | Villager (Male) |
| 13:26 | Build | Farm |
| 13:27 | Build | Farm |
| 13:31 | Queue | Archer |
| 13:58 | Queue | Skirmisher |
| 13:58 | Queue | Archer |
| 14:03 | Build | Farm |
| 15:01 | Research | Fletching |
| 15:02 | Queue | Villager (Male) |
| 15:09 | Build | Farm |
| 15:09 | Build | Farm |
| 15:11 | Queue | Villager (Male) |
| 15:11 | Queue | Villager (Male) |
| 15:15 | Build | Farm |
| 15:18 | Build | Farm |
| 15:41 | Queue | Skirmisher |
| 15:45 | Build | Farm |
| 15:46 | Queue | Villager (Male) |
| 15:46 | Queue | Villager (Male) |
| 15:47 | Queue | Villager (Male) |
| 15:59 | Queue | Skirmisher |
| 16:10 | Queue | Skirmisher |
| 16:12 | Queue | Villager (Male) |
| 16:12 | Queue | Villager (Male) |
| 16:12 | Queue | Villager (Male) |
| 16:29 | Build | Watch Tower |
| 16:37 | Build | House |
| 16:39 | Build | House |
| 17:20 | Queue | Villager (Male) |
| 17:21 | Queue | Skirmisher |
| 17:21 | Queue | Archer |
| 17:21 | Queue | Villager (Male) |
| 17:26 | Queue | Villager (Male) |
| 17:36 | Queue | Villager (Male) |
| 17:40 | Build | Farm |
| 17:59 | Queue | Villager (Male) |
| 18:03 | Build | Farm |
| 18:15 | Build | House |
| 18:21 | Queue | Skirmisher |
| 18:22 | Queue | Skirmisher |
| 18:22 | Queue | Archer |
| 18:25 | Queue | Villager (Male) |
| 18:38 | Research | Padded Archer Armor |
| 18:38 | Queue | Villager (Male) |
| 18:49 | Queue | Villager (Male) |
| 18:54 | Build | Farm |
| 18:56 | Build | Farm |
| 19:02 | Queue | Skirmisher |
| 20:23 | Queue | Archer |
| 20:24 | Queue | Archer |
| 20:25 | Queue | Villager (Male) |
| 20:47 | Queue | Villager (Male) |
| 20:48 | Queue | Villager (Male) |
| 20:50 | Build | Farm |
| 20:55 | Build | Market |
| 21:01 | Queue | Archer |
| 21:01 | Queue | Skirmisher |
| 21:01 | Queue | Archer |
| 21:44 | Queue | Archer |
| 21:44 | Queue | Archer |
| 22:14 | Research | Castle Age |
| 22:19 | Build | Watch Tower |
| 22:27 | Queue | Skirmisher |
| 22:27 | Queue | Skirmisher |
| 22:31 | Queue | Skirmisher |
Match timeline
| 3:43 | Hana · wall_segment Palisade Wall x1 |
| 5:22 | DS_Rene Lavand · first_building Barracks |
| 5:30 | Hana · wall_segment Palisade Wall x10 |
| 7:57 | Hana · wall_segment Palisade Wall x1 |
| 8:35 | DS_Rene Lavand · age_up feudal |
| 8:38 | Hana · first_building Barracks |
| 8:39 | DS_Rene Lavand · first_building Archery Range |
| 9:10 | Hana · wall_segment Palisade Wall x1 |
| 9:16 | Hana · wall_segment Palisade Wall x1 |
| 9:24 | DS_Rene Lavand · wall_segment Palisade Wall x1 |
| 9:38 | Hana · wall_segment Palisade Wall x6 |
| 9:47 | Hana · wall_segment Palisade Wall x7 |
| 10:06 | Hana · wall_segment Palisade Wall x1 |
| 10:09 | Hana · wall_segment Palisade Wall x1 |
| 10:22 | DS_Rene Lavand · wall_segment Palisade Wall x6 |
| 10:45 | Hana · age_up feudal |
| 11:20 | DS_Rene Lavand · wall_segment Palisade Wall x1 |
| 11:20 | DS_Rene Lavand · wall_segment Palisade Wall x2 |
| 11:21 | DS_Rene Lavand · wall_segment Palisade Wall x1 |
| 11:23 | DS_Rene Lavand · wall_segment Palisade Wall x1 |
| 11:40 | Hana · first_building Archery Range |
| 12:36 | Hana · wall_segment Palisade Wall x1 |
| 19:23 | Hana · wall_segment Palisade Wall x1 |
| 21:13 | Hana · wall_segment Palisade Wall x1 |
| 21:26 | Hana · wall_segment Palisade Wall x1 |
| 21:49 | DS_Rene Lavand · first_market_sell 100 wood |
| 22:55 | DS_Rene Lavand · first_market_buy 100 wood |
| 23:02 | DS_Rene Lavand · first_building Stable |
| 23:41 | Hana · first_market_sell 500 wood |
| 23:43 | Hana · first_market_buy 100 food |
| 23:59 | DS_Rene Lavand · wall_segment Palisade Wall x7 |
| 24:17 | DS_Rene Lavand · wall_segment Palisade Wall x6 |
| 24:54 | DS_Rene Lavand · age_up castle |
| 25:11 | DS_Rene Lavand · first_building Siege Workshop |
| 25:12 | Hana · wall_segment Palisade Wall x7 |
| 26:30 | Hana · age_up castle |
| 26:38 | Hana · first_building Monastery |
| 29:04 | Hana · first_building Siege Workshop |
| 29:14 | Hana · wall_segment Palisade Wall x1 |
| 32:22 | Hana · first_building Castle |
| 34:56 | DS_Rene Lavand · first_building Castle |
| 40:47 | DS_Rene Lavand · resign |
[ AI ANALYSIS · 1 CREDIT ]
What really happened in this match?
Wolo.gg analyzes every decision: build order, eco, micro, common mistakes by bracket. Personalized analysis on WhatsApp or Discord in 30 seconds.
Civ guide
Armenians
Perfil
Jugador #11897201